 Dungeon Crawl Stone Soup version 0.31.0-12-g77e489cdc1 (webtiles) character file.

Game seed: 7873618682723842336

1810 Doomgape the Ruffian (level 8, -1/84 HPs)
             Began as a Troll Fighter on Feb 15, 2024.
             Slain by a gnoll sergeant
             ... wielding a +2 spear of freezing
              (3 damage)
             ... on level 7 of the Dungeon.
             The game lasted 00:15:08 (5545 turns).

Doomgape the Ruffian (Troll Fighter)                Turns: 5545, Time: 00:15:08

Health: -1/84      AC:  6    Str: 27    XL:     8   Next: 84%
Magic:  7/7        EV:  9    Int:  4    God:
Gold:   459        SH:  0    Dex:  9    Spells: 7/7 levels left

rFire   . .          .
                       - Unarmed
rCold   . . .        b - +1 kite shield
rNeg    . . .        a - +0 robe
rPois   .            (helmet restricted)
rElec   +            j - +1 cloak
rCorr   +            (gloves unavailable)
SInv    .            (boots unavailable)
Will    .....        (no amulet)
Stlth   +            d - ring of resist corrosion
HPRegen 1.14/turn    (no ring)
MPRegen 0.10/turn

%: no passive effects
@: confused, brilliant, ambrosia-drunk
A: large, unfitting armour, claws 3, regeneration 1, shaggy fur 1, tough skin 1,
electricity resistance
a: no special abilities


You were on level 7 of the Dungeon.
You visited 2 branches of the dungeon, and saw 8 of its levels.

You collected 459 gold pieces.

Inventory:

Missiles
 n - 2 javelins (quivered)
 t - a throwing net
Armour
 a - a +0 robe (worn)
 b - a +1 kite shield (worn)
 j - a +1 cloak (worn)
Jewellery
 d - a ring of resist corrosion (left claw)
 i - a ring of flight
Talismans
 e - a beast talisman
Wands
 p - a wand of roots (3)
 s - a wand of flame (8)
 w - a wand of polymorph (6)
 x - a wand of digging (2)
Scrolls
 k - 5 scrolls of identify
 l - 2 scrolls of enchant armour
 m - a scroll of silence {unknown}
 o - a scroll of fear {unknown}
 q - 2 scrolls of teleportation
 u - a scroll of revelation {unknown}
Potions
 c - 3 potions of might
 f - a potion of brilliance
 h - 3 potions of mutation
 r - a potion of cancellation {unknown}
 v - a potion of lignification {unknown}
 z - a potion of enlightenment {unknown}
 A - a potion of attraction {unknown}


   Skills:
 + Level 6.8 Fighting
 - Level 4.0 Dodging
 - Level 2.6 Shields
 + Level 7.9 Unarmed Combat


You had 7 spell levels left.
You didn't know any spells.
Your spell library contained the following spells:

 Spells                   Type           Power      Damage    Failure   Level
 Jinxbite                 Hex            0%         N/A       87%         2
 Yara's Violent Unravell  Hex/Alch       0%         3d3       100%        5
 Enfeeble                 Hex            0%         N/A       100%        7


Dungeon Overview and Level Annotations

Branches:
Dungeon (7/15)             Temple (1/1) D:4

Altars:
Ashenzari
Cheibriados
Dithmenos
Elyvilon
Fedhas
Hepliaklqana
Kikubaaqudgha
Nemelex Xobeh
Qazlal
Ru
Trog
Uskayaw
Vehumet
Wu Jian
Xom
Zin
The Shining One

Shops:
D:2 (


Innate Abilities, Weirdness & Mutations

You are too large for most types of armour.
You have claws for hands.
Your natural rate of healing is unusually fast.
You are covered in fur. (AC +1)
You have tough skin. (AC +1)
You are resistant to electric shocks. (rElec)


Message History

It was a potion of ambrosia.
You are confused.
You feel invigorated. The gnoll hits you but does no damage.
The gnoll sergeant hits you from afar with a +2 spear of freezing.
* * * LOW HITPOINT WARNING * * *
The gnoll sergeant freezes you.
* * * LOW HITPOINT WARNING * * *
The gnoll hits you but does no damage.
You bump into the rock wall.
The gnoll sergeant barely misses you. The gnoll hits you but does no damage.
The gnoll hits you from afar with a +0 spear.
* * * LOW HITPOINT WARNING * * *
You bump into the rock wall.
The gnoll sergeant hits you from afar with a +2 spear of freezing.
* * * LOW HITPOINT WARNING * * *
The gnoll sergeant freezes you.
* * * LOW HITPOINT WARNING * * *
The gnoll barely misses you. The gnoll completely misses you.
The gnoll hits you from afar with a +0 spear.
* * * LOW HITPOINT WARNING * * *
You miss the gnoll sergeant.
The gnoll sergeant hits you with a +2 spear of freezing.
* * * LOW HITPOINT WARNING * * *
The gnoll sergeant freezes you.
* * * LOW HITPOINT WARNING * * *
The gnoll hits you from afar with a +0 spear.
* * * LOW HITPOINT WARNING * * *
You're too confused to move!
The gnoll sergeant hits you with a +2 spear of freezing!
* * * LOW HITPOINT WARNING * * *
The gnoll sergeant freezes you.
* * * LOW HITPOINT WARNING * * *
The gnoll closely misses you.
Unknown command.
You bump into the rock wall.
The gnoll hits you with a +0 club.
* * * LOW HITPOINT WARNING * * *
The gnoll sergeant hits you with a +2 spear of freezing.
* * * LOW HITPOINT WARNING * * *
The gnoll sergeant freezes you.
You die...

...# #.........# ...# #.........#
####.. ...# #.........####......
...# #.........##........ ..>#
##...........####.>.
#.####.........##.#
....##.........##.#
.............gg##.###
..............Fg@...#######
.....#........g##g#.......######
#................(.............##
.....##......###...#######......#
.......<##.........# #.......
.......##...........# #......#
.................##.. #.....##
................. ## .###.......
......... ...... #...........


You could see a gnoll sergeant, a bullfrog and 4 gnolls.

Vanquished Creatures
  Jeremiah (D:6)
  An ice beast (D:5)
  A sky beast (D:6)
  A black bear (D:6)
  A centaur (D:5)
  2 ogres (D:5)
  A kobold brigand (D:5)
  A phantom (D:6)
  2 bullfrogs (D:7)
  A scorpion (D:5)
  2 howler monkeys (D:5)
  A crimson imp (D:3)
  A quasit (D:5)
  A hound (D:5)
  2 jellies (D:6)
  An orc priest (D:4)
  Crazy Yiuf (D:6)
  5 iguanas (D:5)
  An orc wizard (D:3)
  5 adders
  7 gnolls
  3 shadow imps (D:5)
  2 white imps
  2 ufetubi (D:5)
  3 ribbon worms
  11 orcs
  9 ball pythons
  3 endoplasms
  A giant cockroach (D:4)
  7 goblins
  7 hobgoblins
  A quokka (D:4)
  6 bats
  6 frilled lizards
  4 goblin skeletons (D:3)
  A goblin zombie (D:3)
  4 hobgoblin zombies (D:3)
  15 kobolds
  A kobold skeleton (D:3)
  2 kobold zombies (D:3)
  2 orc zombies (D:3)
  5 rats
134 creatures vanquished.

Notes
Turn   | Place    | Note
-------+----------+-------------------------------------------
     0 | D:1      | Doomgape the Troll Fighter began the quest for the Orb.
     0 | D:1      | Reached XP level 1. HP: 22/22 MP: 0/0
   482 | D:1      | Reached XP level 2. HP: 29/29 MP: 1/1
   990 | D:2      | Reached XP level 3. HP: 36/36 MP: 2/2
  1110 | D:2      | Found Canoyf's Antique Weapon Emporium.
  1308 | D:2      | Reached skill level 3 in Unarmed Combat
  1308 | D:2      | Reached XP level 4. HP: 34/45 MP: 0/3
  1833 | D:3      | Found a faded altar of an unknown god.
  1870 | D:3      | Found a glowing golden altar of the Shining One.
  1873 | D:3      | Reached XP level 5. HP: 53/53 MP: 4/4
  2489 | D:4      | Found a staircase to the Ecumenical Temple.
  2504 | Temple   | Entered the Ecumenical Temple
  2990 | D:5      | Entered Level 5 of the Dungeon
  2998 | D:5      | Reached XP level 6. HP: 47/62 MP: 5/5
  3031 | D:5      | Reached skill level 4 in Unarmed Combat
  3050 | D:5      | Noticed an ice beast
  3055 | D:5      | Killed an ice beast
  3107 | D:5      | Reached XP level 7. HP: 47/71 MP: 6/6
  3158 | D:5      | Reached skill level 5 in Unarmed Combat
  3442 | D:5      | Reached skill level 5 in Fighting
  3525 | D:5      | Reached skill level 6 in Unarmed Combat
  3614 | D:5      | Found a sacrificial altar of Ru.
  3645 | D:5      | Reached XP level 8. HP: 79/81 MP: 7/7
  3922 | D:5      | Found an ornate altar of the Wu Jian Council.
  3928 | D:5      | Found a hide-covered altar of Uskayaw.
  3934 | D:5      | Noticed a +0 hand axe
  3934 | D:5      | Noticed a +0 dagger
  4424 | D:6      | Found a shimmering altar of Xom.
  4447 | D:6      | Noticed Jeremiah
  4726 | D:6      | Killed Jeremiah
  4727 | D:6      | Reached skill level 7 in Unarmed Combat
  4853 | D:6      | Found a runed translucent door.
  4854 | D:6      | Noticed Crazy Yiuf
  4885 | D:6      | Found a blossoming altar of Fedhas.
  5037 | D:6      | Found a shadowy altar of Dithmenos.
  5391 | D:6      | Killed Crazy Yiuf
  5536 | D:7      | Gained mutation: You are resistant to electric shocks.
                  | (rElec) [potion of mutation]
  5545 | D:7      | HP: 2/84 [gnoll sergeant/+2 spear of freezing (6)]
  5545 | D:7      | Slain by a gnoll sergeant

Illustrated notes

Levels and vault maps discovered:
D:1:      mushboom_english_gardens, layout_loops_cross
D:2:      layout_basic, serial_shops, nicolae_shop_tiny_waterfront,
          serial_bayou_lake_a
D:3:      layout_loops_ring, nicolae_tso_besieged_by_evil,
          hellmonk_ecumenical_altar_crossroads
D:4:      layout_loops_ring, minmay_temple_entry_tees
D:5:      layout_basic, mainiacjoe_overflow_small_starburst,
          dancing_weapons_uskayaw, old_standard_altar, serial_demonic,
          serial_demonic_f, serial_demonic_c, serial_demonic_g,
          serial_demonic_a, small_statue_intersection, minivault_14
D:6:      layout_loops_cross, general_overflow_altar, xom_teletrap_fun,
          grunt_dithmenos_smoke_and_mirrors, uniq_jeremiah,
          uniq_crazy_yiuf_cottage
D:7:      gammafunk_corrupted_shrine, layout_rooms,
          mainiacjoe_overflow_cross_hatched, ebering_ghost_rock_garden
Temple:   hellmonk_temple_micro_hex

Skill      XL: |  1  2  3  4  5  6  7  8 |
---------------+-------------------------+-----
Fighting       | 3 4 5 6 |  6.8
Dodging        | 3 4 |  4.0
Unarmed Combat | 3 4 6 7 |  7.9
Shields        | |  2.6

Action                     |  1- 3 |  4- 6 |  7- 9 || total
---------------------------+-------+-------+-------++-------
  Melee: Unarmed           |   105 |   165 |   170 ||   440
  Evoke: Wand              |       |     4 |     6 ||    10
    Use: Scroll            |     2 |     4 |       ||     6
         Potion            |       |       |     4 ||     4
   Stab: Sleeping          |       |     1 |       ||     1
         Invisible         |       |       |     1 ||     1
 Armour: Robe              |    58 |    93 |   142 ||   293
  Dodge: Dodged            |    26 |    66 |    55 ||   147
  Block: Kite shield       |    29 |    68 |    68 ||   165
